 Dungeon Sprint DCSS version 0.22.0-16-gc6d26f6 (webtiles) character file.

158 poirepourri the Severer (level 8, -1/132 HPs)
             Began as a Minotaur Fighter on Aug 18, 2018.
             Was an Initiate of Gozag.
             Slain by a giant anaconda (2 damage)
             ... in the Dungeon (Sprint VI: "Thunderdome").
             The game lasted 00:03:27 (669 turns).

poirepourri the Severer (Minotaur Fighter)           Turns: 669, Time: 00:03:27

Health: -1/132     AC: 13    Str: 30    XL:     8   Next: 39%
Magic:  7/7        EV:  4    Int:  5    God:    Gozag
Gold:   735        SH: 11    Dex: 20    Spells: 7/7 levels left

rFire    . . .     SeeInvis +   a - +8 war axe (protect)
rCold    . . .     Gourm    .   c - +0 shield
rNeg     . . .     Faith    .   b - +0 scale mail
rPois    +         Spirit   .   (helmet restricted)
rElec    .         Reflect  .   (no cloak)
rCorr    .         Harm     .   (no gloves)
MR       .....     NoTele   +   (no boots)
Stlth    ..........             r - amulet of Plog {rPois Regen+ Stlth+}
HPRegen  0.72/turn              p - ring "Asir Qeo" {Str+4 SInv}
MPRegen  0.10/turn              q - ring of the Archfiend {rPois Dex+8 SInv}

@: berserking, gold aura, protection aura, constricted, very quick
A: retaliatory headbutt, horns 2
a: Potion Petition, Call Merchant, Bribe Branch, Renounce Religion


You were in the Dungeon.
You worshipped Gozag.
Gozag was pleased with you.
You were not hungry.

You visited 1 branch You collected 1880 gold pieces.
You spent 1145 gold pieces at shops.

Inventory:

Hand Weapons
 a - a +8 war axe of protection (weapon)
Armour
 b - a +0 scale mail (worn)
 c - a +0 shield (worn)
Jewellery
 p - the ring "Asir Qeo" (left hand) {Str+4 SInv}
   (You bought it in a shop in the Dungeon)

   [ring of see invisible]

   It affects your strength (+4).
   It lets you see invisible.
 q - the ring of the Archfiend (right hand) {rPois Dex+8 SInv}
   (You bought it in a shop in the Dungeon)

   [ring of poison resistance]

   It affects your dexterity (+8).
   It protects you from poison.
   It lets you see invisible.
 r - the amulet of Plog (around neck) {rPois Regen+ Stlth+}
   (You bought it in a shop in the Dungeon)

   [amulet of regeneration]

   It protects you from poison.
   It increases your rate of regeneration.
   It makes you more stealthy.
Wands
 m - a wand of acid (5)
 n - a wand of iceblast (5)
Scrolls
 k - 4 scrolls of blinking
 o - 3 scrolls of fog
Potions
 d - a potion of might
 e - a potion of curing
 g - 8 potions of heal wounds
 h - 4 potions of haste
 i - 2 potions of magic
 l - a potion of resistance
Comestibles
 f - a ration


   Skills:
 + Level 13.8 Fighting
 - Level 16.4 Axes
 - Level 3.6 Armour
 - Level 3.6 Shields


You had 7 spell levels left.
You didn't know any spells.
Your spell library was empty.

Dungeon Overview and Level Annotations

Branches:
Dungeon (1/1)

Altars:
Cheibriados
Dithmenos
Fedhas
Gozag
Kikubaaqudgha
Makhleb
Okawaru
Qazlal
Ru
Sif Muna
Trog
Uskayaw
Vehumet
Wu Jian
Xom
Yredelemnul
Zin
The Shining One
Beogh
Jiyva
Lugonu

Shops:
D *[%??*?*:[((!!!!


Innate Abilities, Weirdness & Mutations

You reflexively headbutt those who attack you in melee.
You have a pair of horns on your head.


Message History

Unknown command.
Unknown command.
You are too berserk!
You slice the salamander!!
You kill the salamander!
Your Fighting skill gained 2 levels and is now at level 13!
Your shield and scale mail prevent you from hitting the giant anaconda.
Unknown command.
You completely miss the giant anaconda.
Your headbutt misses the giant anaconda.
The giant anaconda is heavily wounded.
You block the giant anaconda's attack.
* * * LOW HITPOINT WARNING * * *
The giant anaconda constricts you.
Unknown command.
You miss the giant anaconda. You headbutt the giant anaconda!
The giant anaconda is severely wounded.
You block the giant anaconda's attack.
You die...
Your body crumbles into a pile of gold.

#_......._#
###.........###
#⌠...........⌠#
#.8.........8.######
......###......___∩##
....8.# #.8........∩###
......###.............##
...###...###..........⌠#
...# #.<.# #...S@.....⌠#
...###...###....$.....⌠#
......###.............##
....8.# #.8........∩###
......###......___∩##
#.8.........8[######
#⌠...........⌠#
###.........###
#_........#


You could see a giant anaconda.

Vanquished Creatures
  A salamander (D)
  Grinder (D)
  A steam dragon (D)
  A naga (D)
  A water moccasin (D)
  3 sky beasts (D)
  A phantom (D)
  2 iron imps (D)
  3 adders (D)
  3 shadow imps (D)
  A leopard gecko (D)
  A jackal (D)
  A quokka (D)
  A ball python (D)
  A kobold (D)
22 creatures vanquished.

Notes
Turn   | Place    | Note
-------+----------+-------------------------------------------
     0 | D        | poirepourri the Minotaur Fighter began the quest for the Orb.
     0 | D        | Reached XP level 1. HP: 19/19 MP: 0/0
     3 | D        | Found a deep blue altar of Sif Muna.
     3 | D        | Found a roughly hewn altar of Beogh.
     4 | D        | Found a stormy altar of Qazlal.
     5 | D        | Found a glowing golden altar of the Shining One.
     5 | D        | Found a radiant altar of Vehumet.
     5 | D        | Round 1.
     6 | D        | Found Oliorphuu's Delicious Food.
     6 | D        | Found an ancient bone altar of Kikubaaqudgha.
     6 | D        | Found Fuysi's Identification Station.
     7 | D        | Found Busiu's Jewellery.
     7 | D        | Found Loblet's Advanced Armour.
    15 | D        | Bought a vibrating granite ring for 45 gold pieces
    15 | D        | Bought a scorched copper ring for 45 gold pieces
    15 | D        | Bought a vibrating zirconium amulet for 45 gold pieces
    15 | D        | Identified the ring "Asir Qeo" {Str+4 SInv} (You bought it in a shop in the Dungeon)
    16 | D        | Identified the ring of the Archfiend {rPois Dex+8 SInv} (You bought it in a shop in the Dungeon)
    17 | D        | Identified the amulet of Plog {rPois Regen+ Stlth+} (You bought it in a shop in the Dungeon)
    21 | D        | Found a sacrificial altar of Ru.
    23 | D        | Reached skill level 3 in Axes
    24 | D        | Found an opulent altar of Gozag.
    25 | D        | Found a blossoming altar of Fedhas.
    26 | D        | Found Miro Xieh's Premium Goods.
    27 | D        | Found Niunn's Miscellaneous Merchandise.
    27 | D        | Found Leheitod's Basic Armour.
    28 | D        | Found a glowing silver altar of Zin.
    28 | D        | Found an iron altar of Okawaru.
    28 | D        | Found Soshayfa's Weapon Rack.
    32 | D        | Found a burning altar of Makhleb.
    38 | D        | Became a worshipper of Gozag Ym Sagoz the Greedy
    44 | D        | Reached skill level 4 in Axes
    66 | D        | Noticed a phantom
    78 | D        | Killed a phantom
    78 | D        | Reached skill level 10 in Axes
    78 | D        | Reached XP level 2. HP: 24/26 MP: 1/1
    78 | D        | Reached XP level 3. HP: 28/31 MP: 2/2
    78 | D        | Reached XP level 4. HP: 36/39 MP: 3/3
    84 | D        | Found a viscous altar of Jiyva.
    86 | D        | Found a bloodstained altar of Trog.
    86 | D        | Found Fehimoc's Do-It-Yourself Clinic.
    86 | D        | Found Wodyuxa's Bottled Wisdom.
    87 | D        | Found Jaumioz's Distillery.
    92 | D        | Bought 3 potions of heal wounds for 105 gold pieces
    92 | D        | Bought 3 potions of heal wounds for 105 gold pieces
    92 | D        | Found Nuolo's Distillery.
    92 | D        | Found a basalt altar of Yredelemnul.
    92 | D        | Found a snail-covered altar of Cheibriados.
    92 | D        | Found a hide-covered altar of Uskayaw.
   102 | D        | Found an ornate altar of the Wu Jian Council.
   106 | D        | Found a corrupted altar of Lugonu.
   106 | D        | Found a shadowy altar of Dithmenos.
   106 | D        | Found Uplin's Staff Store.
   106 | D        | Found Unadesinn's Must-Have Magic.
   107 | D        | Found Kutun's Magic Scroll Shop.
   112 | D        | Found Ulustopi's Magic Scroll Shop.
   112 | D        | Found a shimmering altar of Xom.
   142 | D        | Arena points: 12 (+12) [x2]
   191 | D        | Round 2.
   196 | D        | Noticed Grinder
   203 | D        | Reached skill level 11 in Axes
   210 | D        | Killed Grinder
   210 | D        | Reached skill level 14 in Axes
   210 | D        | Reached XP level 5. HP: 38/45 MP: 4/4
   210 | D        | Reached XP level 6. HP: 43/51 MP: 5/5
   212 | D        | Reached skill level 15 in Axes
   245 | D        | Arena points: 54 (+42) [x3]
   274 | D        | Round 3.
   330 | D        | Noticed a water moccasin
   339 | D        | Killed a water moccasin
   339 | D        | Reached skill level 16 in Axes
   370 | D        | Noticed a naga
   377 | D        | Killed a naga
   377 | D        | Reached XP level 7. HP: 62/64 MP: 6/6
   397 | D        | Bought a scroll of brand weapon for 200 gold pieces
   425 | D        | Arena points: 138 (+84) [x4]
   452 | D        | Bought 8 scrolls of enchant weapon for 600 gold pieces
   474 | D        | Round 4.
   569 | D        | Reached skill level 10 in Fighting
   593 | D        | Noticed a steam dragon
   603 | D        | Killed a steam dragon
   603 | D        | Reached XP level 8. HP: 69/83 MP: 7/7
   633 | D        | Arena points: 158 (+20) [x1]
   648 | D        | Round 5.
   652 | D        | Noticed a giant anaconda
   653 | D        | Noticed a salamander
   665 | D        | HP: 6/124 [giant anaconda (1)]
   666 | D        | HP: 2/124 [giant anaconda (4)]
   667 | D        | Killed a salamander
   669 | D        | Slain by a giant anaconda

Skill      XL: |  1  2  3  4  5  6  7  8 |
---------------+-------------------------+-----
Axes           | 10 14 16 | 16.4
Fighting       | 6 11 13 | 13.8
Armour         | |  3.6
Shields        | |  3.6

Action                   |  1- 3 |  4- 6 |  7- 9 || total
-------------------------+-------+-------+-------++-------
Melee: War axe           |    11 |    27 |    27 ||    65
       Headbutt          |     1 |     6 |     8 ||    15
  Use: Potion            |       |     1 |     2 ||     3
       Scroll            |       |       |     9 ||     9
Armor: Scale mail        |     7 |     5 |     5 ||    17
Dodge: Dodged            |     3 |    12 |     3 ||    18
Block: Shield            |     2 |    11 |    19 ||    32
